 Dungeon Crawl Stone Soup version 0.30.0-29-ga12c61a403 (webtiles) character file.

Game seed: 12772417774782396769

53 DildoBatman the Conjurer (level 4, -1/32 HPs)
             Began as a Formicid Conjurer on June 15, 2023.
             Slain by a worm (5 damage)
             ... on level 2 of the Dungeon.
             The game lasted 00:02:45 (1556 turns).

DildoBatman the Conjurer (Formicid Conjurer)        Turns: 1556, Time: 00:02:46

Health: -1/32      AC:  2    Str: 12    XL:     4   Next: 10%
Magic:  6/7        EV: 12    Int: 19    God:
Gold:   66         SH:  0    Dex: 12    Spells: 5/8 levels left

rFire   . . .        h - +0 long sword
rCold   . . .        (no shield)
rNeg    . . .        a - +0 robe
rPois   .            (helmet unavailable)
rElec   .            (no cloak)
rCorr   .            (no gloves)
SInv    +            (no boots)
Will    .....        (no amulet)
Stlth   ++           (no ring)
HPRegen 0.25/turn    (no ring)
MPRegen 0.10/turn

%: no passive effects
@: no status effects
A: permanent stasis, dig shafts and tunnels, antennae 3, four strong arms
a: Dig, Shaft Self


You were on level 2 of the Dungeon.
You visited 1 branch of the dungeon, and saw 2 of its levels.

You collected 66 gold pieces.

Inventory:

Hand Weapons
 c - a +0 dagger
 h - a +0 long sword (weapon)
Armour
 a - a +0 robe (worn)
 g - a +0 ring mail of willpower
Scrolls
 d - a scroll of brand weapon {unknown}
 f - a scroll of identify {unknown}
 i - a scroll of poison {unknown}
 l - a scroll of butterflies {unknown}
Potions
 b - a potion of magic
 e - 3 potions of heal wounds {unknown}
 j - a potion of berserk rage {unknown}
 k - a potion of flight {unknown}


   Skills:
 * Level 1.3 Fighting
 * Level 1.3 Armour
 * Level 2.1 Dodging
 - Level 3.0 Stealth
 * Level 2.5 Spellcasting
 * Level 3.8 Conjurations


You had 5 spell levels left.
You knew the following spells:

 Your Spells              Type           Power      Damage    Failure   Level
a - Searing Ray           Conj           34%        2d5       4%          2
c - Magic Dart            Conj           68%        1d6       3%          1

Your spell library contained the following spells:

 Spells                   Type           Power      Damage    Failure   Level
 Dazzling Flash           Conj/Hex       18%        N/A       22%         3
 Fulminant Prism          Conj/Hex       4%         3d5       58%         4
 Iskenderun's Mystic Bla  Conj/Tloc      9%         2d4       58%         4


Dungeon Overview and Level Annotations

Branches:
Dungeon (2/15)

Altars:
Cheibriados
Trog

Annotations:
D:2 Jessica, Terence


Innate Abilities, Weirdness & Mutations

You cannot be hasted, slowed, berserked, paralysed or teleported.
You can dig through walls and to a lower floor.
You have a pair of large antennae on your head. (SInv)
Your four strong arms can wield two-handed weapons with a shield.


Message History

The worm bites you. What are your orders? t - Shout!
Orders for allies: a - Attack new target. r - Retreat! s - Stop attacking. g - Guard the area. f - Follow me.
Anything else - Cancel.
You shout for attention!
The worm bites you. What are your orders? t - Shout!
Orders for allies: a - Attack new target. r - Retreat! s - Stop attacking. g - Guard the area. f - Follow me.
Anything else - Cancel.
You shout for attention!
What are your orders? t - Shout!
Orders for allies: a - Attack new target. r - Retreat! s - Stop attacking. g - Guard the area. f - Follow me.
Anything else - Cancel.
You shout for attention!
The worm closely misses you. What are your orders? t - Shout!
Orders for allies: a - Attack new target. r - Retreat! s - Stop attacking. g - Guard the area. f - Follow me.
Anything else - Cancel.
You shout for attention!
What are your orders? t - Shout!
Orders for allies: a - Attack new target. r - Retreat! s - Stop attacking. g - Guard the area. f - Follow me.
Anything else - Cancel.
You shout for attention!
The worm bites you.
You die...

###.......
#.........
#.#....>..
#.........
#####.# #.#......
#.......
#...........
..... #w#.# #.#.#
#... #@.# #...
#..# ##.####.##
#..#
#..##...#####..##
##†.........#....
#.##...##...#.##
#†###.....#.....
#.# #..##...#.#.
#.# #..###.##.#.
#.# ##.# #.##.#{


You could see a worm.

Vanquished Creatures
  2 adders (D:2)
  A dart slug (D:1)
  4 ball pythons
  3 bats
  5 endoplasms
  A giant cockroach (D:2)
  4 goblins
  A hobgoblin (D:2)
  2 quokkas
  4 frilled lizards
  A kobold (D:2)
  2 rats (D:1)
30 creatures vanquished.

Notes
Turn   | Place    | Note
-------+----------+-------------------------------------------
     0 | D:1      | DildoBatman the Formicid Conjurer began the quest for the
                  | Orb.
     0 | D:1      | Reached XP level 1. HP: 13/13 MP: 3/3
     4 | D:1      | Found a bloodstained altar of Trog.
   106 | D:1      | Reached XP level 2. HP: 20/20 MP: 1/5
   109 | D:1      | Learned a level 2 spell: Searing Ray
   570 | D:1      | Reached XP level 3. HP: 25/25 MP: 6/6
   776 | D:1      | Found a faded altar of an unknown god.
  1046 | D:2      | Reached skill level 1 in Fighting
  1135 | D:2      | Reached skill level 1 in Armour
  1151 | D:2      | Noticed Terence
  1192 | D:2      | Found a snail-covered altar of Cheibriados.
  1487 | D:2      | Noticed Jessica
  1523 | D:2      | Reached XP level 4. HP: 29/32 MP: 3/7
  1556 | D:2      | Slain by a worm

Illustrated notes

Levels and vault maps discovered:
D:1:      dpeg_arrival_lava_altar, layout_loops_cross,
          dreamdust_ecumenical_altar_hidden_monk_grotto
D:2:      layout_loops_ring, basic_altar, grunt_ministairs_13, st_stairs_4,
          uniq_jessica, uniq_terence

Skill      XL: |  1  2  3 |
---------------+----------+-----
Dodging        | 2 |  2.1
Fighting       | 1 |  1.3
Armour         | 1 |  1.3
Stealth        | 3 |  3.0
Spellcasting   | |  2.5
Conjurations   | |  3.8

Action                     |  1- 3 |  4- 6 || total
---------------------------+-------+-------++-------
  Melee: Unarmed           |     8 |       ||     8
         Punch             |     1 |       ||     1
         Dagger            |    16 |       ||    16
         Long sword        |    12 |       ||    12
   Cast: Magic Dart        |    39 |       ||    39
         Searing Ray       |     2 |       ||     2
   Stab: Sleeping          |     5 |       ||     5
 Armour: Robe              |     9 |     1 ||    10
  Dodge: Dodged            |    27 |     5 ||    32
